 Dungeon Crawl Stone Soup version 0.30-a0-845-g7c6808c8ce (webtiles) character file.

Game seed: 2687013641323568457

2506 cheesebisquit the Spear-Bearer (level 9, -3/63 HPs)
             Began as a Merfolk Fighter on Mar 2, 2023.
             Was a Believer of Hepliaklqana.
             Killed by divine providence
             ... invoked by an orc priest
              (14 damage)
             ... on level 8 of the Dungeon.
             The game lasted 00:24:46 (5609 turns).

cheesebisquit the Spear-Bearer (Merfolk Fighter)    Turns: 5609, Time: 00:24:46

Health: -3/63      AC: 10    Str: 21    XL:     9   Next: 53%
Magic:  12/12      EV:  4    Int:  7    God:    Hepliaklqana [**....]
Gold:   376        SH: 14    Dex: 13    Spells: 8/8 levels left

rFire   + . .      SeeInvis .    a - +2 trident (flame)
rCold   . . .      Faith    .    D - +0 tower shield
rNeg    . . .      Spirit   .    v - +0 chain mail
rPois   .          Reflect  .    (no helmet)
rElec   .          Rampage  .    (no cloak)
rCorr   .                        g - +0 pair of gloves
Will    +....                    (no boots) Stlth
                                 C - amulet of regeneration
HPRegen 1.10/turn                y - ring of protection from fire
MPRegen 0.13/turn                z - ring of willpower

@: mighty
A: reduced essence, (nimble swimmer 2), mertail
a: Renounce Religion, Recall Ancestor, Ancestor Identity


You were on level 8 of the Dungeon.
You worshipped Hepliaklqana.
Hepliaklqana was pleased with you.
You visited 2 branches of the dungeon, and saw 9 of its levels.

You collected 506 gold pieces.
You spent 130 gold pieces at shops.

Inventory:

Hand Weapons
 a - a +2 trident of flaming (weapon)
 d - a +0 scythe
Armour
 g - a +0 pair of gloves (worn)
 v - a +0 chain mail (worn)
 D - a +0 tower shield (worn)
Jewellery
 y - a ring of protection from fire (left hand)
 z - a ring of willpower (right hand)
 C - an amulet of regeneration (around neck)
Wands
 A - a wand of iceblast (9)
Scrolls
 c - a scroll of magic mapping {unknown}
 e - a scroll of enchant armour {unknown}
 h - 2 scrolls of fear
 j - a scroll of brand weapon
 k - a scroll of blinking {unknown}
 l - a scroll of noise {unknown}
 o - 4 scrolls of teleportation
 q - a scroll of fog {unknown}
 t - a scroll of vulnerability {unknown}
 x - a scroll of silence {unknown}
Potions
 b - a potion of mutation
 f - 2 potions of ambrosia
 i - a potion of invisibility
 m - 3 potions of curing
 p - 2 potions of magic
 s - a potion of brilliance {unknown}
 u - 2 potions of flight
 B - 2 potions of berserk rage {unknown}


   Skills:
 + Level 6.5 Fighting
 * Level 10.2 Polearms
 + Level 4.4 Armour
 + Level 6.1 Shields
 + Level 4.5 Invocations


You had 8 spell levels left.
You didn't know any spells.
Your spell library contained the following spells:

 Spells                   Type           Power      Damage    Failure   Level
 Sting                    Tmut/Pois      0%         1d3       100%        1
 Lesser Beckoning         Tloc           0%         N/A       100%        2
 Poisonous Vapours        Pois/Air       0%         N/A       100%        2
 Sublimation of Blood     Necr           0%         N/A       100%        2
 Gell's Gravitas          Tloc           0%         N/A       100%        3
 Teleport Other           Tloc           0%         N/A       100%        3
 Olgreb's Toxic Radiance  Pois           0%         N/A       100%        4
 Petrify                  Tmut/Erth      0%         N/A       100%        4
 Irradiate                Conj/Tmut      0%         3d11      100%        5


Dungeon Overview and Level Annotations

Branches:
Dungeon (8/15)             Temple (1/1) D:4
   Lair: D:8-11

Altars:
Ashenzari
Cheibriados
Dithmenos
Elyvilon
Fedhas
Gozag
Hepliaklqana
Kikubaaqudgha
Makhleb
Nemelex Xobeh
Okawaru
Qazlal
Ru
Sif Muna
Trog
Uskayaw
Vehumet
Wu Jian
Xom
Yredelemnul
Zin
The Shining One

Shops:
D:1 :   D:3 ?


Innate Abilities, Weirdness & Mutations

Your life essence is reduced to manifest your ancestor. (-10% HP)
((You are very nimble when in or above water. (Stealth+, EV+, Speed+++)))
Your lower body shifts to a powerful aquatic tail in water.


Message History

You impale the warg!! You burn the warg.
The warg is almost dead.
The warg bites you but does no damage.
You puncture the warg! You burn the warg.
You kill the warg!
You puncture the orc! You burn the orc.
You kill the orc!
You hit the orc warrior. You burn the orc warrior.
The orc warrior is lightly wounded.
The orc warrior hits you with a +0 long sword.
You puncture the orc warrior! You burn the orc warrior.
The orc warrior is moderately wounded.
The orc warrior hits you with a +0 long sword!
You puncture the orc warrior! You burn the orc warrior.
The orc warrior is almost dead.
The orc warrior hits you with a +0 long sword!
* * * LOW HITPOINT WARNING * * *
The orc priest begins to cast a cantrip, but forgets the words!
You hit the orc warrior but do no damage.
The orc warrior is almost dead.
The orc warrior hits you with a +0 long sword!
* * * LOW HITPOINT WARNING * * *
You closely miss the orc warrior.
The orc warrior is almost dead.
You block the orc warrior's attack.
You closely miss the orc warrior.
The orc warrior is almost dead.
The orc priest calls upon Beogh to heal the orc warrior.
The orc warrior is healed somewhat.
You block the orc warrior's attack.
The orc warrior hits you with a +0 long sword.
* * * LOW HITPOINT WARNING * * *
You barely miss the orc warrior.
The orc warrior is severely wounded.
You block the orc warrior's attack.
You swap places.
Bud hits the orc warrior with a +0 flail.
The orc warrior hits Bud with a +0 long sword.
The orc priest mumbles some strange prayers to Beogh against you.
Beogh smites you!
You die...

## ### .. #.#
#.##.# ##
#####....# ..#
#...####.#####...#
#................#
#...####.##.##...#
###...####.##.## .
###...†.......@..#
.#...##.#####.##.##
..............##R#
.######.########o#
#.#


ooo ########.#####.##... ...............##.... ##.###.#.########.....
..#.......... ....... You could see the friendly Bud the knight, an orc warrior
(ally target), an orc priest and an orc.

Vanquished Creatures
  Sigmund (D:2)
  2 wargs (D:8)
  A sky beast (D:6)
  2 black bears
  2 centaurs
  2 ogres (D:4)
  A bullfrog (D:7)
  A scorpion (D:5)
  5 wights (D:7)
  A gnoll bouda (D:7)
  A jelly (D:6)
  4 hounds
  An orc priest (D:7)
  An iguana (D:7)
  An iron imp (D:5)
  2 orc wizards (D:2)
  6 gnolls
  5 adders
  A white imp (D:6)
  An ufetubus (D:7)
  A worm (D:3)
  A dart slug (D:1)
  7 orcs
  4 endoplasms
  5 giant cockroaches
  11 hobgoblins
  3 jackals (D:4)
  7 kobolds
  4 quokkas (D:1)
  6 ball pythons
  3 bats
  8 frilled lizards
  7 goblins
  6 rats
114 creatures vanquished.

Vanquished Creatures (collateral kills)
  Maggie (D:7)
  A sky beast (D:8)
  An ice beast (D:7)
  A hound (D:6)
  A jelly (D:6)
  A sleepcap (D:6)
  An orc wizard (D:6)
  2 gnolls (D:5)
  A white imp (D:8)
  2 orcs (D:6)
12 creatures vanquished.

Vanquished Creatures (others)
  An ancestor (D:7)
1 creature vanquished.

Grand Total: 127 creatures vanquished

Notes
Turn   | Place    | Note
-------+----------+-------------------------------------------
     0 | D:1      | cheesebisquit the Merfolk Fighter began the quest for the
                  | Orb.
     0 | D:1      | Reached XP level 1. HP: 18/18 MP: 1/1
   122 | D:1      | Reached skill level 3 in Polearms
   126 | D:1      | Reached XP level 2. HP: 21/24 MP: 2/2
   221 | D:1      | Found Xipn's Book Shop.
   420 | D:1      | Reached XP level 3. HP: 29/29 MP: 3/3
  1181 | D:2      | Reached skill level 4 in Polearms
  1181 | D:2      | Reached XP level 4. HP: 37/37 MP: 4/4
  1313 | D:2      | Noticed Sigmund
  1506 | D:2      | Killed Sigmund
  1507 | D:2      | Reached skill level 5 in Polearms
  1507 | D:2      | Reached XP level 5. HP: 39/43 MP: 5/5
  1507 | D:2      | Reached XP level 6. HP: 44/49 MP: 6/6
  2049 | D:3      | Found Soxkiufatu's Magic Scroll Emporium.
  2100 | D:3      | Bought a scroll of teleportation for 30 gold pieces
  2100 | D:3      | Bought a scroll of identify for 20 gold pieces
  2100 | D:3      | Bought a scroll of identify for 20 gold pieces
  2100 | D:3      | Bought a scroll of identify for 20 gold pieces
  2100 | D:3      | Bought a scroll of fear for 40 gold pieces
  2300 | D:4      | Found a radiant altar of Vehumet.
  2345 | D:4      | Found a staircase to the Ecumenical Temple.
  2354 | Temple   | Entered the Ecumenical Temple
  2443 | Temple   | Became a worshipper of Hepliaklqana the Forgotten
  2483 | D:4      | Reached skill level 6 in Polearms
  2545 | D:4      | Reached XP level 7. HP: 55/55 MP: 7/7
  2569 | D:4      | Found a white marble altar of Elyvilon.
  2593 | D:4      | Found an opulent altar of Gozag.
  2594 | D:4      | Found a sparkling altar of Nemelex Xobeh.
  2926 | D:5      | Entered Level 5 of the Dungeon
  2927 | D:5      | Found a snail-covered altar of Cheibriados.
  2946 | D:5      | Reached skill level 1 in Invocations
  3022 | D:5      | Reached * piety under Hepliaklqana
  3109 | D:5      | Reached skill level 5 in Fighting
  3248 | D:5      | Found a shimmering altar of Xom.
  3290 | D:5      | Reached skill level 7 in Polearms
  4006 | D:6      | Reached XP level 8. HP: 55/55 MP: 9/9
  4227 | D:6      | Found a stormy altar of Qazlal.
  4401 | D:7      | Reached skill level 5 in Shields
  4415 | D:7      | Reached skill level 8 in Polearms
  4644 | D:7      | Noticed Maggie
  4709 | D:7      | Reached ** piety under Hepliaklqana
  4710 | D:7      | Remembered your ancestor Bud as a knight
  4908 | D:7      | Killed Maggie
  4909 | D:7      | Reached skill level 9 in Polearms
  4909 | D:7      | Reached XP level 9. HP: 32/62 MP: 10/12
  5474 | D:8      | Found a shadowy altar of Dithmenos.
  5569 | D:8      | Reached skill level 10 in Polearms
  5609 | D:8      | Killed from afar by an orc priest

Illustrated notes

Levels and vault maps discovered:
D:1:      lemuel_arrival_room, layout_basic, serial_shops,
          nicolae_shop_window_shopping, roderic_lattice_a
D:2:      layout_basic, serial_glass, glass_columns_a, glass_columns_a,
          uniq_sigmund
D:3:      layout_rooms, serial_shops, nicolae_shop_advertising_works
          [nicolae_subvault_shop_adworks]
D:4:      layout_basic, grunt_temple_overflow_opulence, lemuel_doored_altar,
          nicolae_vehumet_altar_sigil, minmay_temple_entry_stoned_glass
D:5:      layout_loops_ring, nicolae_overflow_crystal_walls, slow_altar_1
D:6:      layout_rooms, mainiacjoe_overflow_paths
D:7:      black_bear_nest_1, layout_cave_pods, uniq_maggie
D:8:      layout_basic, nicolae_dithmenos_shadow_blocks,
          erik_lair_orcish_takeover, special_room [special_room_kobold],
          kennysheep_cluttered_room
Temple:   compressed_dpeg_circular_temple

Skill      XL: |  1  2  3  4  5  6  7  8  9 |
---------------+----------------------------+-----
Polearms       | 3 4 5 6 7 9 10 | 10.2
Fighting       | 4 5 6 |  6.5
Armour         | 3 4 |  4.4
Shields        | 4 5 6 |  6.1
Invocations    | 2 4 |  4.5

Action                     |  1- 3 |  4- 6 |  7- 9 || total
---------------------------+-------+-------+-------++-------
  Melee: Trident           |    91 |    94 |   195 ||   380
  Throw: Stone             |     5 |    21 |       ||    26
         Dart              |       |    16 |       ||    16
 Invoke: Ancestor Identity |       |       |     1 ||     1
         Ancestor Life: Kn |       |       |     1 ||     1
    Use: Potion            |       |     1 |     2 ||     3
         Scroll            |       |     5 |     5 ||    10
   Stab: Distracted        |       |       |     2 ||     2
 Armour: Scale mail        |    23 |    18 |       ||    41
         Chain mail        |       |     7 |    60 ||    67
  Dodge: Dodged            |    31 |    24 |    41 ||    96
  Block: Buckler           |    12 |    12 |    21 ||    45
         Tower shield      |       |       |    37 ||    37

Table legend: (Time is in decaauts)
 A = Elapsed time spent in this place.
 B = Non-inter-level travel time spent in this place.
 C = Inter-level travel time spent in this place.
 D = Time resting spent in this place.
 E = Time spent auto-exploring this place.
 F = Levels seen in this place.
 G = Mean time per level.
                   A        B        C        D        E       F      G
               +--------+--------+--------+--------+--------+-----+--------+
         Total |   5640 |   5275 |    365 |    211 |   4042 |   9 |  626.7 |
       Dungeon |   5536 |   5198 |    338 |    211 |   3979 |   8 |  692.0 |
        Temple |    103 |     76 |     27 |      0 |     63 |   1 |  103.0 |
               +--------+--------+--------+--------+--------+-----+--------+

Top non-repeatable levels by time:
     D:1: 991 daAuts
     D:7: 978 daAuts
     D:2: 868 daAuts
     D:5: 834 daAuts
     D:6: 597 daAuts
     D:4: 591 daAuts
     D:3: 433 daAuts
     D:8: 242 daAuts
  Temple: 103 daAuts
